 Dungeon Crawl Stone Soup version 0.17-a0-1011-gfa70bdd (webtiles) character file.

441 Fluffy the Chopper (level 7, -1/61 HPs)
             Began as a Hill Orc Gladiator on May 13, 2015.
             Slain by a worker ant (5 damage)
             ... on level 4 of the Dungeon.
             The game lasted 00:08:01 (3211 turns).

Fluffy the Chopper (Hill Orc Gladiator)             Turns: 3211, Time: 00:08:01

Health: -1/61      AC: 10    Str: 18    XL:     7   Next: 2%
Magic:  7/7        EV:  6    Int:  8    God:
Gold:   153        SH:  0    Dex: 13    Spells: 0 memorised, 6 levels left

rFire  + . .     SeeInvis .     a - +0 war axe
rCold  . . .     Clarity  .     k - +0 chain mail
rNeg   . . .     SustAb   .     (no shield)
rPois  .         Gourm    .     c - +0 helmet
rElec  .         Spirit   .     m - +0 cloak
rCorr  .         Warding  .     (no gloves)
rMut   .         Stasis   .     (no boots)
MR     .....                    (no amulet)
Stlth  ..........               h - ring of stealth
                                q - ring of protection from fire (curse)

@: lethally poisoned (-1 -> -4), very heavily drained, not resistant to hostile
enchantments, extremely unstealthy
A: no striking features
a: no special abilities


You were on level 4 of the Dungeon.
You were not hungry.

You visited 1 branch of the dungeon, and saw 4 of its levels.

You collected 153 gold pieces.

Inventory:

Hand weapons
 a - a +0 war axe (weapon)
Missiles
 d - 3 throwing nets (quivered)
Armour
 c - a +0 helmet (worn)
 k - a +0 chain mail (worn)
 m - a +0 cloak (worn)
Jewellery
 h - a ring of stealth (right hand)
 q - a cursed ring of protection from fire (left hand)
Scrolls
 b - a scroll of recharging
 f - 3 scrolls of teleportation
Potions
 j - 2 potions of curing
 l - a potion of agility {unknown}
 p - 2 potions of haste {unknown}
Comestibles
 e - 3 bread rations
 g - 2 slices of pizza
 i - 2 beef jerkies
 n - 4 fruits
 o - a chunk of flesh


   Skills:
 + Level 5.2(0.0) Fighting
 + Level 6.8(1.0) Axes
 - Level 2.0(0.0) Throwing
 + Level 4.1(0.0) Armour
 - Level 2.4(0.0) Dodging


You had 6 spell levels left.
You didn't know any spells.

Dungeon Overview and Level Annotations

Branches:
Dungeon (4/15)
 Temple: D:4-7

Altars:

Annotations:
D:4 Edmund


Message History

The worker ant is lightly wounded.
The worker ant bites you but does no damage. x2
You slash the worker ant!
The worker ant is severely wounded.
The worker ant bites you.
* * * LOW HITPOINT WARNING * * *
The worker ant bites you.
* * * LOW HITPOINT WARNING * * *
You hit the worker ant.
The worker ant is severely wounded.
The worker ant barely misses you.
You hit the worker ant.
The worker ant is almost dead.
The worker ant bites you.
* * * LOW HITPOINT WARNING * * *
You are poisoned.
The worker ant poisons you!
The worker ant waves its antennae.
The worker ant bites you.
You die...

#..' #..#
#>.# #..#
#
#..##'##.
#......'.
#g.# #a##
#@.+ #..#
#..# ##'#
#..# #..#
#...<.....
#.........
#(.##...##


You could see a worker ant and a hobgoblin.

Vanquished Creatures
  Eustachio (D:4)
  An orc priest (D:3)
  The ghost of inmateoo the Vexing, a weakling FeEn (D:3)
  A giant frog skeleton (D:3)
  An orc wizard (D:3)
  Robin (D:4)
  8 adders
  2 oozes (D:3)
  5 worms
  2 giant geckos
  9 orcs
  A ball python (D:3)
  7 giant cockroaches
  13 goblins
  8 hobgoblins
  3 jackals (D:2)
  4 kobolds
  7 bats
  2 giant newts
  A quokka (D:3)
  8 rats
86 creatures vanquished.

Notes
Turn   | Place    | Note
--------------------------------------------------------------
     0 | D:1      | Fluffy the Hill Orc Gladiator began the quest for the Orb.
     0 | D:1      | Reached XP level 1. HP: 18/18 MP: 1/1
   201 | D:1      | Reached XP level 2. HP: 15/25 MP: 2/2
   482 | D:1      | Reached skill level 1 in Armour
   951 | D:2      | Reached XP level 3. HP: 8/31 MP: 3/3
  1615 | D:2      | Reached skill level 5 in Axes
  1615 | D:2      | Reached XP level 4. HP: 38/38 MP: 4/4
  2206 | D:3      | Noticed inmateoo's ghost (weakling FeEn)
  2218 | D:3      | Killed inmateoo's ghost
  2218 | D:3      | Reached XP level 5. HP: 28/46 MP: 5/5
  2734 | D:3      | Reached XP level 6. HP: 51/53 MP: 6/6
  2848 | D:3      | Reached skill level 6 in Axes
  3007 | D:4      | Noticed Eustachio
  3028 | D:4      | Killed Eustachio
  3028 | D:4      | Reached skill level 5 in Fighting
  3143 | D:4      | Noticed Robin
  3150 | D:4      | Noticed Edmund
  3164 | D:4      | Killed Robin
  3164 | D:4      | Reached XP level 7. HP: 26/61 MP: 7/7
  3211 | D:4      | Slain by a worker ant

Vault maps used:
D:1:      onia_arrival_mini_spirals, minmay_misc_feat_square, st_stairs_14
D:2:      first_bread
D:3:      minmay_cut_off
D:4:      lightli_sewer_entry_pipes, uniq_edmund, uniq_robin, uniq_eustachio

Action                   |  1- 3 |  4- 6 |  7- 9 || total
-------------------------+-------+-------+-------++-------
Melee: War axe           |   113 |   197 |    19 ||   329
Throw: Throwing net      |       |     2 |       ||     2
  Use: Scroll            |     5 |     4 |     1 ||    10
  Eat: Chunk             |     2 |     6 |       ||     8
